 Dungeon Crawl Stone Soup version bcrawl-1.13.5 (webtiles) character file.

Game seed: 5940709321099533182

14651 DawwaD the Severer (level 11, -13/102 HPs)
             Began as a Minotaur Berserker on Aug 23, 2019.
             Was a High Priest of Trog.
             Killed by divine providence
             ... invoked by an orc priest
              (16 damage)
             ... in the Orcish Mines.
             The game lasted 00:44:45 (10687 turns).

DawwaD the Severer (Minotaur Berserker)            Turns: 10687, Time: 00:44:45

Health: -13/102    AC: 21    Str: 26    XL:     11   Next: 91%
Magic:  19/19      EV: 10    Int:  4    God:    Trog [*****.]
Gold:   218        SH:  0    Dex: 16    Spells: 10/10 levels left

rFire    . . .     SeeInvis .   D - +9 broad axe (chop)
rCold    + . .     Gourm    .   (no shield)
rNeg     + . .     Faith    .   h - +1 plate armour of a Hundred Yaks {rC+ rN+ MR- MP+9 Dex+3}
rPois    .         Spirit   .   (helmet restricted)
rElec    +         Reflect  .   o - +1 cloak
rCorr    .         Harm     .   (no gloves)
MR       .....                  r - +1 pair of boots
Stlth    ..........             C - amulet of regeneration
HPRegen  0.67/turn              y - +4 ring of dexterity
MPRegen  0.16/turn              A - ring of insulation

@: berserk cooldown, slowed, lightly drained, very slow
A: retaliatory headbutt, horns 2
a: Berserk, Trog's Hand, Brothers in Arms, Renounce Religion


You were in the Orcish Mines.
You worshipped Trog.
Trog was extremely pleased with you.
You were not hungry.

You visited 2 branches of the dungeon, and saw 11 of its levels.
You also visited: Ossuary.

You collected 578 gold pieces.
You spent 360 gold pieces at shops.

Inventory:

Hand Weapons
 b - the +3 lajatang "Onucarr" {slice, Stlth+}
   (Trog gifted it to you on level 9 of the Dungeon)

   It inflicts extra damage upon your enemies.
   It makes you more stealthy.
 D - a +9 broad axe of chopping (weapon)
Armour
 h - the +1 plate armour of a Hundred Yaks (worn) {rC+ rN+ MR- MP+9 Dex+3}
   (You found it on level 10 of the Dungeon)

   It affects your dexterity (+3).
   It protects you from cold.
   It protects you from negative energy.
   It affects your resistance to hostile enchantments.
   It affects your magic capacity (+9).
 o - a +1 cloak (worn)
 r - a +1 pair of boots (worn)
 w - a +3 plate armour of poison resistance
Jewellery
 y - a +4 ring of dexterity (left hand)
 A - a ring of insulation (right hand)
 C - an amulet of regeneration (around neck)
Scrolls
 d - a scroll of enchant weapon
 f - 2 scrolls of blinking
 i - 5 scrolls of teleportation
 k - 8 scrolls of remove curse
 m - 6 scrolls of amnesia
 q - a scroll of magic mapping
 v - 3 scrolls of fog
 E - a scroll of immolation
 F - a scroll of noise
 I - 2 scrolls of identify
Potions
 e - 5 potions of haste
 g - 4 potions of mutation
 j - a potion of might
 n - 3 potions of lignification
 p - 8 potions of curing
 s - a potion of agility
 x - 4 potions of flight
 J - a potion of resistance
Comestibles
 a - 4 chunks of flesh
 c - 21 rations {!d}


   Skills:
 + Level 11.5(11.4) Fighting
 + Level 15.4(15.3) Axes
 + Level 12.0(11.9) Armour
 + Level 4.6 Dodging
 - Level 0.4(0.3) Stealth


You had 10 spell levels left.
You didn't know any spells.
Your spell library contained the following spells:

 Spells                   Type           Power        Failure   Level  Hunger
 Magic Dart               Conj           #...         99%         1    ##.....
 Slow                     Hex            #.......     99%         1    ##.....
 Blink                    Tloc           N/A          100%        2    ###....
 Call Imp                 Summ           #.......     100%        2    ###....
 Confuse                  Hex            #.......     100%        3    ####...
 Conjure Flame            Conj/Fire      #.......     100%        3    ####...
 Dazzling Spray           Conj/Hex       #.....       100%        3    ####...
 Mephitic Cloud           Conj/Pois/Air  #.......     100%        3    ####...
 Petrify                  Tmut/Erth      #.......     100%        4    #####..
 Yara's Violent Unravell  Hex/Tmut       #.........   100%        4    #####..
 Metabolic Englaciation   Hex/Ice        #.........   100%        5    ######.
 Mana Rupture             Conj/Hex       #.........   100%        7    #######


Dungeon Overview and Level Annotations

Branches:
Dungeon (10/12)            Temple (0/1) D:5            Lair (0/6) D:8
    Orc (1/1) D:10
    Elf: Orc:1

Altars:
Ashenzari
Cheibriados
Dithmenos
Fedhas
Kikubaaqudgha
Makhleb
Okawaru
Qazlal
Ru
Xom
Yredelemnul

Shops:
D:4 [   D:5 (?   D:7 =   D:9 (   D:10 *[([

Annotations:
D:4 exclusion: oklob plant


Innate Abilities, Weirdness & Mutations

You reflexively headbutt those who attack you in melee.
You have a pair of horns on your head.


Message History

The orc priest mumbles some strange prayers to Beogh against you.
Pain shoots through your body!
* * * LOW HITPOINT WARNING * * *
The orc high priest prays.
The orc closely misses you. Something hits you but does no damage.
Your two-headed ogre goes berserk!
You feel quite a bit more hungry.
The orc high priest mumbles some strange prayers to Beogh against you.
Pain shoots through your body!
* * * LOW HITPOINT WARNING * * *
The orc misses you. Something hits you but does no damage.
The orc high priest hits your two-headed ogre with a +0 hand axe.
Your two-headed ogre closely misses the orc high priest. x2
The orc priest hits your two-headed ogre with a +0 mace.
The orc misses you. Something hits you but does no damage.
The ynoxinul gestures.
The orc high priest hits your two-headed ogre with a +0 hand axe!
The orc priest calls down the wrath of Beogh upon you.
Beogh smites you!
You die...

#....#...#
#........#
#........
#.......# .
#.......##
..#....o...#
......o.))#
....4ooO@.#
...5.3o.)##
..#..##5##
#. ###


You could see an orc high priest, a ynoxinul, a red devil, 3 orc priests, an
orc, 2 ufetubi and a friendly two-headed ogre (berserk).

Vanquished Creatures
  2 ugly things
  A manticore (D:10)
  3 centaur zombies
  2 trolls (D:9)
  A hornet (D:7)
  A hippogriff (D:8)
  5 slime creatures (D:10)
  A shadow (D:9)
  2 wyverns
  13 yaks
  A basilisk (D:8)
  3 hogs (D:7)
  A human (D:7)
  A warg (D:10)
  A water moccasin (D:9)
  2 porcupines (D:8)
  3 ice beasts
  7 orc warriors
  An eye of draining (D:9)
  2 sky beasts
  2 black bears
  A necrophage (D:7)
  3 phantoms
  2 centaurs
  3 wolves (D:8)
  7 ogres
  4 crocodiles
  A big kobold (D:8)
  9 bullfrogs
  A hornet simulacrum (D:9)
  15 scorpions
  8 wights (D:7)
  A howler monkey (D:4)
  10 crimson imps
  9 hounds
  5 orc priests
  5 jellies
  A gnoll shaman (D:10)
  2 bullfrog skeletons
  2 centaur skeletons
  A human zombie (Ossuary)
  Jessica (D:3)
  Terence (D:3)
  10 orc wizards
  Natasha (thrice) (D:3)
  6 iguanas
  9 worker ants
  5 big kobold zombies (Ossuary)
  3 mummies (Ossuary)
  A worker ant zombie (D:9)
  9 gnolls
  4 scorpion zombies (Ossuary)
  12 adders
  2 shadow imps
  An ooze (D:1)
  2 adder skeletons
  5 worms
  3 dart slugs
  5 leopard geckos
  50 orcs
  A ball python (D:2)
  4 giant cockroaches
  7 goblins
  6 hobgoblins (D:2)
  7 jackals
  8 quokkas
  7 bats
  7 frilled lizards
  3 gnoll zombies (Ossuary)
  2 goblin zombies (Ossuary)
  2 hobgoblin zombies (Ossuary)
  15 kobolds
  A kobold zombie (Ossuary)
  3 orc zombies (Ossuary)
  7 rats
  4 plants (D:10)
361 creatures vanquished.

Vanquished Creatures (others)
  A fungus (D:8)
  2 plants
  12 toadstools (D:4)
15 creatures vanquished.

Grand Total: 376 creatures vanquished

Notes
Turn   | Place    | Note
-------+----------+-------------------------------------------
     0 | D:1      | DawwaD the Minotaur Berserker began the quest for the Orb.
     0 | D:1      | Reached XP level 1. HP: 19/19 MP: 0/0
   120 | D:1      | Reached skill level 4 in Axes
   120 | D:1      | Reached XP level 2. HP: 27/27 MP: 1/1
   836 | D:2      | Found a burning altar of Makhleb.
   842 | D:2      | Reached XP level 3. HP: 33/33 MP: 2/2
   850 | D:2      | Reached ** piety under Trog
  1164 | D:2      | Found a faded altar of an unknown god.
  1244 | D:2      | Reached XP level 4. HP: 40/41 MP: 3/3
  1520 | D:2      | Found a blossoming altar of Fedhas.
  1714 | D:3      | Noticed Terence
  1724 | D:3      | Killed Terence
  1724 | D:3      | Reached skill level 5 in Axes
  1724 | D:3      | Reached XP level 5. HP: 37/47 MP: 4/4
  1808 | D:3      | Found an ancient bone altar of Kikubaaqudgha.
  1815 | D:3      | Found a stormy altar of Qazlal.
  1815 | D:3      | Found a shimmering altar of Xom.
  1816 | D:3      | Found an iron altar of Okawaru.
  1846 | D:3      | Noticed Natasha
  1862 | D:3      | Killed Natasha
  1862 | D:3      | Reached *** piety under Trog
  1862 | D:3      | Reached skill level 5 in Fighting
  1883 | D:3      | Noticed Natasha
  1894 | D:3      | Killed Natasha
  1894 | D:3      | Reached XP level 6. HP: 20/56 MP: 5/5
  2166 | D:3      | Noticed Jessica
  2174 | D:3      | Killed Jessica
  2382 | D:3      | Noticed Natasha
  2390 | D:3      | Killed Natasha
  2865 | D:4      | Reached skill level 6 in Axes
  2868 | D:4      | Reached XP level 7. HP: 38/61 MP: 6/6
  3442 | D:4      | Found a blossoming altar of Fedhas.
  3463 | D:4      | Noticed an oklob plant
  3693 | D:4      | Found Waquin's Armour Shop.
  3711 | D:4      | Reached skill level 5 in Armour
  4014 | D:5      | Entered Level 5 of the Dungeon
  4047 | D:5      | Reached skill level 7 in Axes
  4332 | D:5      | Reached XP level 8. HP: 57/70 MP: 7/7
  4333 | D:5      | Reached skill level 8 in Axes
  4383 | D:5      | Reached **** piety under Trog
  4436 | D:5      | Found Fotak's Magic Scroll Emporium.
  4712 | D:5      | Found a staircase to the Ecumenical Temple.
  4751 | D:5      | Found Huuthreune's Antique Weapon Shoppe.
  5120 | D:6      | Reached skill level 9 in Axes
  5359 | D:6      | Found a basalt altar of Yredelemnul.
  5927 | D:6      | Reached XP level 9. HP: 79/79 MP: 8/8
  6098 | D:7      | Reached skill level 10 in Axes
  6862 | D:7      | Found Rydgh's Jewellery Shop.
  6876 | D:7      | Bought an uncursed amulet of regeneration for 360 gold
                  | pieces
  6902 | D:7      | Reached skill level 11 in Axes
  7238 | D:7      | Reached ***** piety under Trog
  7374 | D:7      | Reached skill level 10 in Armour
  7396 | D:7      | Found a snail-covered altar of Cheibriados.
  7637 | D:7      | Reached XP level 10. HP: 88/90 MP: 9/9
  7644 | D:7      | Found a shattered altar of Ashenzari.
  7650 | D:7      | Saw a vision of the Swamp and the Spider Nest.
  7650 | D:7      | Noticed an alligator
  7650 | D:7      | Noticed a wolf spider
  7796 | D:8      | Noticed a purple ugly thing
  7818 | D:8      | Killed a purple ugly thing
  7928 | D:8      | Reached skill level 12 in Axes
  7945 | D:8      | Found a staircase to the Lair.
  7999 | D:8      | Found a sacrificial altar of Ru.
  8258 | D:8      | Found a sand-covered staircase.
  8263 | Ossuary  | Entered an ossuary
  8301 | Ossuary  | Received a gift from Trog
  8412 | Ossuary  | Reached skill level 10 in Fighting
  8421 | Ossuary  | Reached skill level 13 in Axes
  8667 | D:8      | Reached XP level 11. HP: 95/99 MP: 10/10
  9203 | D:9      | Found a shadowy altar of Dithmenos.
  9345 | D:9      | Found a sacrificial altar of Ru.
  9430 | D:9      | Found Bis Imma's Weapon Shop.
  9515 | D:9      | Received a gift from Trog
  9518 | D:9      | Got an ichor-stained lajatang {god gift}
  9519 | D:9      | Identified the +3 lajatang "Onucarr" {slice, Stlth+} (Trog
                  | gifted it to you on level 9 of the Dungeon)
  9547 | D:9      | Noticed a red ugly thing
  9553 | D:9      | Killed a red ugly thing
  9553 | D:9      | Reached skill level 14 in Axes
  9799 | D:10     | Entered Level 10 of the Dungeon
  9868 | D:10     | Found Roudaagg's Antique Armour Shoppe.
  9873 | D:10     | Got a scorched plate armour
  9884 | D:10     | Identified the +1 plate armour of a Hundred Yaks {rC+ rN+
                  | MR- MP+9 Dex+3} (You found it on level 10 of the Dungeon)
  9898 | D:10     | Found Lapt's General Store.
  9947 | D:10     | Found Fittin's Antique Armour Shoppe.
 10179 | D:10     | Found a staircase to the Orcish Mines.
 10256 | D:10     | Reached skill level 15 in Axes
 10267 | D:10     | Found Awegiss's Antique Weapon Boutique.
 10519 | Orc      | Entered the Orcish Mines
 10519 | Orc      | Noticed a cyclops
 10523 | Orc      | Noticed a two-headed ogre
 10671 | D:10     | Received a gift from Trog
 10680 | Orc      | Noticed an orc high priest
 10685 | Orc      | HP: 5/102 [orc priest/nerve-wracking pain (7)]
 10686 | Orc      | HP: 2/102 [orc high priest/nerve-wracking pain (4)]
 10687 | Orc      | Killed from afar by an orc priest

Skill      XL: |  1  2  3  4  5  6  7  8  9 10 11 |
---------------+----------------------------------+-----
Axes           | 4 5 6 7 9 11 13 15 | 15.4
Fighting       | 4 5 6 7 8 10 11 | 11.5
Armour         | 3 4 5 7 10 11 12 | 12.0
Dodging        | 3 4 |  4.6
Stealth        | |  0.4

Action                   |  1- 3 |  4- 6 |  7- 9 | 10-12 || total
-------------------------+-------+-------+-------+-------++-------
Melee: Hand axe          |    63 |   129 |   380 |   126 ||   698
       Headbutt          |    10 |    21 |   102 |    82 ||   215
       Broad axe         |       |       |       |   237 ||   237
Invok: Berserk           |       |     2 |     1 |     2 ||     5
       Brothers in Arms  |       |       |       |     2 ||     2
  Use: Scroll            |       |     1 |     9 |    12 ||    22
       Potion            |       |       |       |    12 ||    12
  Eat: Chunk             |     1 |     4 |     6 |     6 ||    17
       Ration            |       |     1 |     3 |     2 ||     6
Armor: Animal skin       |    11 |       |       |       ||    11
       Ring mail         |    17 |    38 |    18 |       ||    73
       Plate armour      |       |       |   184 |   248 ||   432
Dodge: Dodged            |    58 |    93 |   156 |   167 ||   474
